 Dungeon Crawl Stone Soup version 0.31-a0-986-g5e6e4ef867 (webtiles) character file.

Game seed: 2978547828170922731

16396 damiac the Carver (level 12, 0/106 HPs)
             Began as a Minotaur Fighter on Nov 9, 2023.
             Was a High Priest of Okawaru.
             Slain by a cane toad (9 damage)
             ... on level 1 of the Lair of Beasts on Nov 10, 2023.
             The game lasted 00:39:41 (10662 turns).

damiac the Carver (Minotaur Fighter)               Turns: 10662, Time: 00:39:42

Health: 0/106      AC: 21    Str: 28    XL:     12   Next: 9%
Magic:  15/15      EV: 13    Int:  5    God:    Okawaru [*****.]
Gold:   310        SH:  6    Dex: 14    Spells: 11/11 levels left

rFire   . . .        a - +1 long sword
rCold   . . .        c - +0 buckler
rNeg    . . .        z - +3 scale mail
rPois   +            F - +2 hat
rElec   .            w - +2 cloak of Kindness {Str+6}
rCorr   .            H - +0 pair of gloves
SInv    .            J - +2 pair of boots
Will    .....        M - amulet of faith Stlth
                     U - ring of poison resistance
HPRegen 0.37/turn    A - +4 ring of slaying
MPRegen 0.14/turn

%: faith
@: no status effects
A: horns 2, retaliatory headbutt
a: Renounce Religion, Heroism, Finesse, Duel


You were on level 1 of the Lair of Beasts.
You worshipped Okawaru.
Okawaru was extremely pleased with you.
You visited 3 branches of the dungeon, and saw 11 of its levels.

You collected 743 gold pieces.
You spent 433 gold pieces at shops.

Inventory:

Hand Weapons
 a - a +1 long sword (weapon)
Missiles
 e - 3 silver javelins
 t - 17 poisoned darts
 D - 5 boomerangs (quivered)
 I - 16 stones
 N - 2 throwing nets
 R - 3 atropa-tipped darts
Armour
 c - a +0 buckler (worn)
 j - a +0 scale mail of poison resistance
 n - a +0 plate armour
 w - the +2 cloak of Kindness (worn) {Str+6}
   (You found it on level 4 of the Dungeon)

   Str+6:     It affects your strength (+6).
 z - a +3 scale mail (worn)
 F - a +2 hat (worn)
 H - a +0 pair of gloves (worn)
 J - a +2 pair of boots (worn)
Jewellery
 r - a +6 ring of strength
 A - a +4 ring of slaying (right hand)
 C - an amulet of guardian spirit
 M - an amulet of faith (around neck)
 S - a ring of ice
 U - a ring of poison resistance (left hand)
Talismans
 E - a beast talisman
Wands
 y - a wand of quicksilver (15)
 K - a wand of flame (23)
Scrolls
 b - a scroll of identify
 h - 4 scrolls of teleportation
 i - 4 scrolls of immolation
 k - 2 scrolls of brand weapon {unknown}
 l - a scroll of enchant armour {unknown}
 o - 3 scrolls of fog {unknown}
 p - 2 scrolls of enchant weapon
 L - 2 scrolls of poison {unknown}
 O - a scroll of revelation {unknown}
 P - a scroll of noise {unknown}
 Q - a scroll of vulnerability {unknown}
 T - 2 scrolls of blinking {unknown}
Potions
 d - a potion of might
 f - 2 potions of curing
 g - 2 potions of haste
 m - a potion of invisibility
 q - 3 potions of enlightenment
 s - 3 potions of ambrosia
 u - 2 potions of attraction
 v - 4 potions of magic
 x - 2 potions of brilliance
 B - 2 potions of heal wounds
 G - a potion of resistance


   Skills:
 + Level 9.6 Fighting
 * Level 12.4 Long Blades
 + Level 6.5 Throwing
 + Level 9.5 Armour
 + Level 7.7 Dodging
 + Level 9.3 Shields
 + Level 6.3 Invocations


You had 11 spell levels left.
You didn't know any spells.
Your spell library contained the following spells:

 Spells                   Type           Power      Damage    Failure   Level
 Lesser Beckoning         Tloc           0%         N/A       86%         2
 Sublimation of Blood     Necr           0%         N/A       86%         2
 Wereblood                Tmut           0%         N/A       86%         2
 Gell's Gravitas          Tloc           0%         N/A       98%         3
 Stone Arrow              Conj/Erth      0%         3d7       98%         3
 Teleport Other           Tloc           0%         N/A       98%         3
 Anguish                  Hex/Necr       0%         N/A       100%        4
 Cause Fear               Hex            0%         N/A       100%        4
 Dimensional Bullseye     Hex/Tloc       0%         N/A       100%        4
 Iskenderun's Mystic Bla  Conj/Tloc      0%         2d3       100%        4
 Dispersal                Tloc           0%         N/A       100%        6
 Enfeeble                 Hex            0%         N/A       100%        7
 Orb of Destruction       Conj           0%         9d5       100%        7
 Lehudib's Crystal Spear  Conj/Erth      0%         10d2      100%        8
 Summon Guardian Golem    Hex/Summ       Unusable   N/A       N/A         3
 Tukima's Dance           Hex            Unusable   N/A       N/A         3
 Animate Armour           Summ/Erth      Unusable   N/A       N/A         4
 Spellforged Servitor     Conj/Summ      Unusable   N/A       N/A         7
 Summon Hydra             Summ           Unusable   N/A       N/A         7

Dungeon Overview and Level Annotations

Branches:
Dungeon (8/15)             Temple (1/1) D:5            Lair (2/5) D:8
  Swamp: Lair:2-3    Shoals: Lair:2-3     Snake: Lair:2-3    Spider: Lair:2-3

Altars:
Cheibriados
Fedhas
Gozag
Hepliaklqana
Makhleb
Nemelex Xobeh
Okawaru
Qazlal
Ru
Sif Muna
Trog
Uskayaw
Vehumet
Wu Jian
Xom
Zin
The Shining One

Shops:
D:2 *   D:8 =


Innate Abilities, Weirdness & Mutations

You have a pair of horns on your head.
You reflexively headbutt those who attack you in melee.


Message History

Throw: 5 boomerangs
Press: ? - help, Q - select action, (/) - cycle Shift-Dir - straight line, f/p - cane toad
Aim: a cane toad (lightly wounded, 71% to hit)
You throw a boomerang.
The boomerang barely misses the cane toad.
Throw: 5 boomerangs
Press: ? - help, Q - select action, (/) - cycle Shift-Dir - straight line, f/p - cane toad
Aim: a cane toad (lightly wounded, 71% to hit)
You throw a boomerang.
The boomerang hits the cane toad but does no damage.
The cane toad is lightly wounded.
You hit the cane toad.
The cane toad is moderately wounded.
The cane toad barely misses you. You furiously retaliate!
You headbutt the cane toad! You hit the cane toad but do no damage.
The cane toad is heavily wounded.
The cane toad closely misses you. You furiously retaliate!
You headbutt the cane toad. You slash the cane toad!
The cane toad is almost dead.
The cane toad stings you.
* * * LOW HITPOINT WARNING * * *
You hit the cane toad.
The cane toad is almost dead.
The cane toad stings you.
* * * LOW HITPOINT WARNING * * *
You are lethally poisoned!
The cane toad poisons you!
You hit the cane toad but do no damage.
The cane toad is almost dead.
* * * LOW HITPOINT WARNING * * *
You feel very sick. You block the cane toad's attack.
You feel better. The cane toad stings you.
* * * LOW HITPOINT WARNING * * *
You completely miss the cane toad.
The cane toad is almost dead.
The cane toad stings you!
You die...

## ##............###......#
.#########.............P#.......#
...##.##.#.............##.#......
##....###........<....##.##......
#P#...##............##..##......
#####..............#...P###.....
##............###.#####.....
#.........F..##.## #P.....
##........@....### ##..... #
#........##.....## #P...# ###
#........##......# ##...# ~~##
##........##.....## ##.## ~P.####
##.......#.......## ###
~.....###........#........#
.......###................#
........##................##
........###................##


You could see a cane toad.

Vanquished Creatures
  Gastronok (Lair:1)
  Fannar (Lair:1)
  Harold (Lair:1)
  A deep elf pyromancer (D:8)
  5 elephants
  3 black mambas (Lair:1)
  3 cane toads
  Jeremiah (D:7)
  3 komodo dragons (D:8)
  A polar bear (Lair:1)
  A meliai (D:8)
  Prince Ribbit (D:8)
  A hornet (D:7)
  A troll (D:6)
  13 yaks
  A wyvern (D:8)
  3 basilisks
  2 steam dragons (D:8)
  10 water moccasins
  2 orc warriors
  4 black bears
  A sky beast (D:6)
  7 wolves
  4 centaurs
  2 kobold brigands
  10 bullfrogs
  A gnoll sergeant (D:8)
  4 scorpions
  3 wights (D:8)
  A killer bee (D:8)
  4 howler monkeys
  An electric eel (Lair:1)
  A hound (D:5)
  4 orc priests
  2 jellies
  4 iguanas
  8 orc wizards
  5 mutant beasts
  8 gnolls
  11 adders
  A shadow imp (D:8)
  4 white imps
  4 ufetubi
  2 worms
  3 dart slugs
  34 orcs
  6 ball pythons
  3 endoplasms
  2 giant cockroaches
  10 goblins
  8 hobgoblins
  7 jackals
  5 quokkas
  2 bats
  4 frilled lizards
  9 kobolds
  3 rats
247 creatures vanquished.

Notes
Turn   | Place    | Note
-------+----------+-------------------------------------------
     0 | D:1      | damiac the Minotaur Fighter began the quest for the Orb.
     0 | D:1      | Reached XP level 1. HP: 19/19 MP: 0/0
   171 | D:1      | Reached XP level 2. HP: 25/27 MP: 1/1
   260 | D:1      | Reached skill level 3 in Long Blades
   361 | D:1      | Found a faded altar of an unknown god.
   859 | D:2      | Reached skill level 1 in Dodging
   859 | D:2      | Reached XP level 3. HP: 21/33 MP: 2/2
  1052 | D:2      | Found Samoihut's General Store.
  1058 | D:2      | Bought a potion of curing for 33 gold pieces
  1684 | D:2      | Found a snail-covered altar of Cheibriados.
  1913 | D:3      | Found a shimmering blue altar of Sif Muna.
  2151 | D:3      | Reached XP level 4. HP: 40/40 MP: 3/3
  2435 | D:4      | Reached skill level 4 in Long Blades
  2512 | D:4      | Reached XP level 5. HP: 26/47 MP: 4/4
  2754 | D:4      | Identified the +2 cloak of Kindness {Str+6}
  3088 | D:4      | Found a shimmering altar of Xom.
  3221 | D:4      | Reached XP level 6. HP: 48/53 MP: 5/5
  3580 | D:5      | Entered Level 5 of the Dungeon
  3610 | D:5      | Reached skill level 5 in Long Blades
  4156 | D:5      | Reached skill level 5 in Fighting
  4204 | D:5      | Reached skill level 5 in Armour
  4287 | D:5      | Reached skill level 5 in Shields
  4302 | D:5      | Found a staircase to the Ecumenical Temple.
  4319 | Temple   | Entered the Ecumenical Temple
  4328 | Temple   | Became a worshipper of Warmaster Okawaru
  4438 | D:5      | Reached XP level 7. HP: 61/61 MP: 6/6
  4586 | D:5      | Reached skill level 6 in Long Blades
  4734 | D:5      | Reached skill level 1 in Invocations
  5048 | D:6      | Found an opulent altar of Gozag.
  5048 | D:6      | Found a sacrificial altar of Ru.
  5053 | D:6      | Reached skill level 1 in Throwing
  5179 | D:6      | Reached * piety under Okawaru
  5268 | D:6      | Reached XP level 8. HP: 70/70 MP: 8/8
  5341 | D:6      | Found a glowing golden altar of the Shining One.
  5348 | D:6      | Found a stormy altar of Qazlal.
  5577 | D:7      | Noticed a troll
  5667 | D:7      | Noticed Jeremiah
  5678 | D:6      | Reached skill level 7 in Long Blades
  5754 | D:6      | Killed a troll
  6251 | D:7      | Killed Jeremiah
  6357 | D:7      | Reached XP level 9. HP: 59/78 MP: 10/10
  6459 | D:7      | Reached skill level 8 in Long Blades
  6472 | D:7      | Noticed a juvenile batshock beast
  6490 | D:7      | Killed a juvenile batshock beast
  6490 | D:7      | Reached ** piety under Okawaru
  6805 | D:7      | Paralysed by a hornet for 1 turns
  6983 | D:7      | Reached skill level 5 in Dodging
  7058 | D:7      | Found a burning altar of Makhleb.
  7254 | D:8      | Noticed Prince Ribbit
  7261 | D:8      | Killed Prince Ribbit
  7262 | D:8      | Reached skill level 9 in Long Blades
  7279 | D:8      | Noticed a komodo dragon
  7288 | D:8      | Killed a komodo dragon
  7288 | D:8      | Reached *** piety under Okawaru
  7309 | D:8      | Reached XP level 10. HP: 48/86 MP: 5/12
  7517 | D:8      | Reached **** piety under Okawaru
  7563 | D:8      | Reached skill level 10 in Long Blades
  7582 | D:8      | Found a staircase to the Lair.
  7667 | D:8      | Noticed a deep elf pyromancer
  7672 | D:8      | Identified the staff of Conflict {rF+ SInv Conj}
  7711 | D:8      | Killed a deep elf pyromancer
  8037 | D:8      | Reached skill level 5 in Throwing
  8262 | D:8      | Found Suclur's Jewellery Boutique.
  8268 | D:8      | Reached ***** piety under Okawaru
  8277 | D:8      | Bought an amulet of faith for 400 gold pieces
  8320 | Lair:1   | Entered Level 1 of the Lair of Beasts
  8342 | Lair:1   | Noticed Harold
  8354 | Lair:1   | Noticed Gastronok
  8355 | Lair:1   | Killed Harold
  8356 | Lair:1   | Reached skill level 5 in Invocations
  8426 | Lair:1   | Noticed an elephant
  8429 | Lair:1   | Noticed an elephant
  8433 | Lair:1   | Killed an elephant
  8434 | Lair:1   | Reached XP level 11. HP: 95/95 MP: 13/13
  8463 | Lair:1   | Killed Gastronok
  8463 | Lair:1   | Received a gift from Okawaru
  8464 | Lair:1   | Reached skill level 11 in Long Blades
  9417 | Lair:1   | Received a gift from Okawaru
  9696 | Lair:1   | Noticed Fannar
  9725 | Lair:1   | Killed Fannar
  9726 | Lair:1   | Reached skill level 12 in Long Blades
 10478 | Lair:2   | Reached XP level 12. HP: 101/105 MP: 15/15
 10662 | Lair:1   | Slain by a cane toad

Illustrated notes

Levels and vault maps discovered:
D:1:      dpeg_arrival_snail, layout_loops_ring,
          shapermc_ecumenical_altar_ellora
D:2:      layout_loops_corners, serial_shops,
          nicolae_shop_competitors_out_of_business, basic_altar,
          minmay_octomino_c4
D:3:      layout_rooms, mainiacjoe_overflow_concentric_impassable,
          minmay_misc_feat_rows
D:4:      layout_loops_corners, lemuel_coloured_pillars_altar,
          nicolae_letterblocks [nicolae_letter_subblock,
          nicolae_letter_subblock, nicolae_letter_subblock,
          nicolae_letter_subblock, nicolae_letter_subblock,
          nicolae_letter_subblock, nicolae_letter_subblock,
          nicolae_letter_subblock, nicolae_letter_subblock,
          nicolae_letter_subblock, nicolae_letter_subblock,
          nicolae_letter_subblock, nicolae_letter_subblock,
          nicolae_letter_subblock, nicolae_letter_subblock,
          nicolae_letter_subblock, nicolae_letter_subblock,
          nicolae_letter_subblock, nicolae_letter_subblock,
          nicolae_letter_subblock, nicolae_letter_subblock,
          nicolae_letter_subblock, nicolae_letter_subblock,
          nicolae_letter_subblock, nicolae_letter_subblock]
D:5:      layout_basic, minmay_temple_entry_mini_moons
D:6:      layout_basic, mainiacjoe_overflow_catwalk_spiral,
          gammafunk_temple_overflow_statue
D:7:      layout_rooms, mainiacjoe_overflow_six_doors_small, nicolae_beast_mode,
          uniq_jeremiah
D:8:      cheibrodos_ideogram_h, layout_rooms, due_lair_maze_entry_diamond,
          serial_shops, nicolae_shop_gaudy_bauble,
          nicolae_elevator_lobby_asterisk, uniq_prince_ribbit1
Temple:   nicolae_temple_ecumenical_triangle
Lair:1:   layout_cave_pods, serial_bayou, serial_bayou_pond_d,
          serial_bayou_pond_b, serial_bayou_shore_b, serial_bayou_ford_a,
          beast_lair_carwin_9, grunt_megastairs_3, uniq_fannar, uniq_gastronok,
          uniq_harold
Lair:2:   layout_misc_corridors, mainiacjoe_shoals_entry_four_pools,
          spider_nest_entry_funnel_web, chequers_serial_rivers_large_b,
          uniq_maggie

Skill      XL: |  1  2  3  4  5  6  7  8  9 10 11 |
---------------+----------------------------------+-----
Long Blades    | 3 4 5 6 7 9 10 12 | 12.4
Dodging        | 1 2 3 4 5 6 7 |  7.7
Shields        | 4 5 6 7 8 9 |  9.3
Armour         | 4 5 6 7 8 9 |  9.5
Fighting       | 4 5 6 7 8 9 |  9.6
Invocations    | 1 2 4 5 6 |  6.3
Throwing       | 1 2 4 5 6 |  6.5

Action                     |  1- 3 |  4- 6 |  7- 9 | 10-12 || total
---------------------------+-------+-------+-------+-------++-------
  Melee: Long sword        |    96 |   152 |   217 |   308 ||   773
         Headbutt          |    10 |    28 |    39 |    74 ||   151
  Throw: Stone             |     5 |       |    44 |    50 ||    99
         Boomerang         |       |     4 |     8 |    19 ||    31
         Dart              |       |       |    12 |    42 ||    54
 Invoke: Heroism           |       |       |     6 |     3 ||     9
  Evoke: Wand              |       |       |     2 |       ||     2
    Use: Scroll            |     4 |     1 |     5 |     2 ||    12
         Potion            |     1 |       |       |     1 ||     2
 Armour: Scale mail        |    45 |       |   149 |   180 ||   374
         Plate armour      |    15 |   134 |    18 |       ||   167
  Dodge: Dodged            |    37 |    45 |   129 |   157 ||   368
  Block: Buckler           |    20 |    29 |    61 |    69 ||   179

Table legend: (Time is in decaauts)
 A = Elapsed time spent in this place.
 B = Non-inter-level travel time spent in this place.
 C = Inter-level travel time spent in this place.
 D = Time resting spent in this place.
 E = Time spent auto-exploring this place.
 F = Levels seen in this place.
 G = Mean time per level.
                   A        B        C        D        E       F      G
               +--------+--------+--------+--------+--------+-----+--------+
         Total |  10708 |  10010 |    698 |    320 |   7533 |  11 |  973.5 |
       Dungeon |   8402 |   7770 |    632 |    320 |   5789 |   8 | 1050.2 |
        Temple |     18 |     10 |      8 |      0 |      0 |   1 |   18.0 |
          Lair |   2286 |   2228 |     58 |      0 |   1744 |   2 | 1143.0 |
               +--------+--------+--------+--------+--------+-----+--------+

Top non-repeatable levels by time:
  Lair:1: 1932 daAuts
     D:5: 1284 daAuts
     D:4: 1257 daAuts
     D:6: 1217 daAuts
     D:8: 1206 daAuts
     D:7: 1028 daAuts
     D:2: 996 daAuts
     D:1: 937 daAuts
     D:3: 473 daAuts
  Lair:2: 354 daAuts
  Temple: 18 daAuts
